NYP
LOWELL SPINNERS @ EVERETT AQUASOX
09/01/2046
 
TOP OF THE 1ST
Lowell Spinners batting - Pitching for Everett AquaSox : RHP Josh Newell
Pitching: RHP Josh Newell
Batting: LHB Sergio Tinoco 0-0: Ball
1-0: Ball
2-0: Called Strike
2-1: Foul Ball, location: 2F
2-2: TRIPLE (Line Drive, 89XD, EV 101.2 MPH)
Batting: RHB Sal Rivera 0-0: Ball
1-0: Foul Ball, location: 2F
1-1: Ball
2-1: Ball
3-1: Base on Balls
Batting: LHB Frank Olivo 0-0: Called Strike
Sal Rivera steals 2nd, throwing error, E2
Sergio Tinoco scores
Sal Rivera to third
0-1: Ball
1-1: SINGLE (Flyball, 34D, EV 90.6 MPH)
Sal Rivera scores
Batting: RHB Alex Cardenas 0-0: Ball
1-0: Called Strike
1-1: Ball
2-1: Foul Ball, location: 2F
2-2: Strikes out looking
Batting: RHB Paul Long 0-0: Called Strike
0-1: Ball
1-1: Grounds into double play, 5-4-3 (Groundball, 56, EV 102.5 MPH)
Top of the 1st over - 2 runs, 2 hits, 1 error, 0 left on base; Lowell 2 - Everett 0
BOTTOM OF THE 1ST
Everett AquaSox batting - Pitching for Lowell Spinners : RHP Brian Aroz
Pitching: RHP Brian Aroz
Batting: RHB Mike Conaway 0-0: Ball
1-0: Ground out 6-3 (Groundball, 6, EV 90.0 MPH)
Batting: RHB Enrique Valdez 0-0: Ball
1-0: Called Strike
1-1: Ball
2-1: Ground out 4-3 (Groundball, 4, EV 106.2 MPH)
Batting: SHB Hatsuo Miura 0-0: Foul Ball, location: 2F
0-1: Ball
1-1: Foul Ball, location: 2F
1-2: Ball
2-2: SOLO HOME RUN (Flyball, 89XD, EV 105.6 MPH), Distance : 436 ft
Batting: SHB Charlie Diesel 0-0: Ball
1-0: Foul Ball, location: 2F
1-1: Swinging Strike
1-2: Foul Ball, location: 2F
1-2: Strikes out swinging
Bottom of the 1st over - 1 run, 1 hit, 0 errors, 0 left on base; Lowell 2 - Everett 1
TOP OF THE 2ND
Lowell Spinners batting - Pitching for Everett AquaSox : RHP Josh Newell
Batting: RHB Travis Campbell 0-0: Called Strike
0-1: Called Strike
0-2: Ground out 5-3 (Groundball, 56, EV 85.0 MPH)
Batting: RHB Bobby Schimke 0-0: Ball
1-0: Ball
2-0: Foul Ball, location: 2F
2-1: Ball
3-1: Base on Balls
Batting: RHB Jose Molina 0-0: Fly out, F3 (Popup, 3SF, EV 71.9 MPH)
Batting: RHB Dominique Paolozzi 0-0: Ball
1-0: Called Strike
1-1: Foul Ball, location: 2F
1-2: Fielders Choice at 2nd, 5-4 (Groundball, 56, EV 89.4 MPH)
Top of the 2nd over - 0 runs, 0 hits, 0 errors, 1 left on base; Lowell 2 - Everett 1
BOTTOM OF THE 2ND
Everett AquaSox batting - Pitching for Lowell Spinners : RHP Brian Aroz
Batting: RHB Ben Alspach 0-0: Ball
1-0: Called Strike
1-1: Foul Ball, location: 2F
1-2: Ball
2-2: Foul Ball, location: 2F
2-2: Foul Ball, location: 2F
2-2: Foul Ball, location: 2F
2-2: Foul Ball, location: 2F
2-2: Fly out, F8 (Flyball, 89M, EV 75.0 MPH)
Batting: LHB Justin Long 0-0: Called Strike
0-1: Swinging Strike
0-2: Foul Ball, location: 2F
0-2: Ball
1-2: Foul Ball, location: 2F
1-2: Ball
2-2: Fly out, F9 (Flyball, 9, EV 72.5 MPH)
Batting: LHB Addisu Nyamekye 0-0: Ground out 5-3 (Groundball, 56S, EV 81.2 MPH)
Bottom of the 2nd over - 0 runs, 0 hits, 0 errors, 0 left on base; Lowell 2 - Everett 1
TOP OF THE 3RD
Lowell Spinners batting - Pitching for Everett AquaSox : RHP Josh Newell
Batting: LHB Sergio Tinoco 0-0: Called Strike
0-1: Swinging Strike
0-2: Strikes out looking
Batting: RHB Sal Rivera 0-0: Ball
1-0: Called Strike
1-1: Swinging Strike
1-2: Ground out 3-1 (Groundball, 34, EV 98.8 MPH)
Batting: LHB Frank Olivo 0-0: Called Strike
0-1: Ground out 4-3 (Groundball, 4, EV 108.8 MPH)
Top of the 3rd over - 0 runs, 0 hits, 0 errors, 0 left on base; Lowell 2 - Everett 1
BOTTOM OF THE 3RD
Everett AquaSox batting - Pitching for Lowell Spinners : RHP Brian Aroz
Batting: RHB Ben Herman 0-0: Called Strike
0-1: Ball
1-1: Ball
2-1: Foul Ball, location: 2F
2-2: Ball
3-2: Ground out 4-3 (Groundball, 34, EV 106.9 MPH)
Batting: LHB Brian Butler 0-0: Called Strike
0-1: Ball
1-1: Foul Ball, location: 2F
1-2: Ball
2-2: SINGLE (Groundball, 6MD, EV 95.6 MPH)
Batting: RHB Mike Conaway 0-0: Called Strike
Brian Butler is caught stealing 2nd base 2-4
0-1: Ground out 6-3 (Groundball, 6, EV 103.1 MPH)
Bottom of the 3rd over - 0 runs, 1 hit, 0 errors, 0 left on base; Lowell 2 - Everett 1
TOP OF THE 4TH
Lowell Spinners batting - Pitching for Everett AquaSox : RHP Josh Newell
Batting: RHB Alex Cardenas 0-0: Called Strike
0-1: Swinging Strike
0-2: Ball
1-2: Ball
2-2: Strikes out swinging
Batting: RHB Paul Long 0-0: Ball
1-0: Ground out 6-3 (Groundball, 56, EV 84.4 MPH)
Batting: RHB Travis Campbell 0-0: Foul Ball, location: 2F
0-1: Ball
1-1: SINGLE (Groundball, 25, EV 76.9 MPH) (infield hit)
Batting: RHB Bobby Schimke 0-0: Called Strike
Pickoff Throw to First - Out! 1-3
Top of the 4th over - 0 runs, 1 hit, 0 errors, 0 left on base; Lowell 2 - Everett 1
BOTTOM OF THE 4TH
Everett AquaSox batting - Pitching for Lowell Spinners : RHP Brian Aroz
Batting: RHB Enrique Valdez 0-0: Called Strike
0-1: Ball
1-1: Ball
2-1: Foul Ball, location: 2F
2-2: Ball
3-2: Foul Ball, location: 2F
3-2: Foul Ball, location: 2F
3-2: SINGLE (Groundball, P, EV 89.4 MPH) (infield hit)
Batting: SHB Hatsuo Miura 0-0: Ball
1-0: Ball
2-0: Ball
3-0: Called Strike
3-1: Base on Balls
Enrique Valdez to second
Batting: SHB Charlie Diesel 0-0: Called Strike
0-1: Ball
1-1: Called Strike
1-2: Strikes out looking
Batting: RHB Ben Alspach 0-0: Foul Ball, location: 2F
0-1: Called Strike
0-2: Ball
1-2: Ball
2-2: Strikes out swinging
Batting: LHB Justin Long 0-0: Fly out, F8 (Flyball, 8RD, EV 90.6 MPH)
Bottom of the 4th over - 0 runs, 1 hit, 0 errors, 2 left on base; Lowell 2 - Everett 1
TOP OF THE 5TH
Lowell Spinners batting - Pitching for Everett AquaSox : RHP Josh Newell
Batting: RHB Bobby Schimke 0-0: Ball
1-0: Ball
2-0: Foul Ball, location: 2F
2-1: Ball
3-1: Ground out 5-3 (Groundball, 56, EV 103.1 MPH)
Batting: RHB Jose Molina 0-0: SINGLE (Groundball, 4M, EV 105.6 MPH) (infield hit)
Batting: RHB Dominique Paolozzi 0-0: Foul Ball, location: 2F
0-1: SINGLE (Line Drive, 3D, EV 101.2 MPH)
Jose Molina to second
Runner from 2nd tries for 3rd, SAFE, throw by RF made to third
Batting: LHB Sergio Tinoco 0-0: Fielders Choice at 2nd, 5-4 (Groundball, 56, EV 79.4 MPH)
Jose Molina scores
Batting: RHB Sal Rivera 0-0: Foul Ball, location: 2F
0-1: Fly out, F7 (Line Drive, 78M, EV 96.2 MPH)
Top of the 5th over - 1 run, 2 hits, 0 errors, 1 left on base; Lowell 3 - Everett 1
BOTTOM OF THE 5TH
Everett AquaSox batting - Pitching for Lowell Spinners : RHP Brian Aroz
Batting: LHB Addisu Nyamekye 0-0: Ball
1-0: Swinging Strike
1-1: Foul Ball, location: 2F
1-2: Strikes out swinging
Batting: RHB Ben Herman 0-0: DOUBLE (Groundball, 5L, EV 105.6 MPH)
Batting: LHB Brian Butler 0-0: Ball
1-0: Ball
2-0: Foul Ball, location: 2F
2-1: Called Strike
2-2: Ball
3-2: Base on Balls
Batting: RHB Mike Conaway 0-0: DOUBLE (Line Drive, 9LM, EV 88.1 MPH)
Ben Herman scores
Brian Butler to third
Batting: RHB Enrique Valdez 0-0: Called Strike
0-1: Called Strike
0-2: Foul Ball, location: 2F
0-2: Ball
1-2: Ball
2-2: TRIPLE (Line Drive, 89XD, EV 103.8 MPH)
Brian Butler scores
Mike Conaway scores
Batting: SHB Hatsuo Miura 0-0: Called Strike
0-1: Swinging Strike
0-2: Ball
1-2: Strikes out swinging
Pitching: RHP Perry Mills
Batting: SHB Charlie Diesel 0-0: Called Strike
0-1: SINGLE (Groundball, 34D, EV 106.2 MPH)
Enrique Valdez scores
Batting: RHB Ben Alspach Balk!
Charlie Diesel to second
0-0: Ball
1-0: Called Strike
1-1: Fly out, F7 (Flyball, 7LMF, EV 91.9 MPH)
Bottom of the 5th over - 4 runs, 4 hits, 0 errors, 1 left on base; Lowell 3 - Everett 5
TOP OF THE 6TH
Lowell Spinners batting - Pitching for Everett AquaSox : RHP Josh Newell
Batting: LHB Frank Olivo 0-0: Foul Ball, location: 2F
0-1: Ground out 6-3 (Groundball, 6, EV 86.9 MPH)
Batting: RHB Alex Cardenas 0-0: Ball
1-0: Foul Ball, location: 2F
1-1: Ball
2-1: Foul Ball, location: 2F
2-2: Ground out 5-3 (Groundball, 56, EV 103.8 MPH)
Batting: RHB Paul Long 0-0: Ball
1-0: Called Strike
1-1: Foul Ball, location: 2F
1-2: Foul Ball, location: 2F
1-2: Ball
2-2: Strikes out swinging
Top of the 6th over - 0 runs, 0 hits, 0 errors, 0 left on base; Lowell 3 - Everett 5
BOTTOM OF THE 6TH
Everett AquaSox batting - Pitching for Lowell Spinners : RHP Perry Mills
Batting: LHB Justin Long 0-0: Foul Ball, location: 2F
0-1: Foul Ball, location: 2F
0-2: Strikes out swinging
Batting: LHB Addisu Nyamekye 0-0: Ball
1-0: Foul Ball, location: 2F
1-1: Ball
2-1: Foul Ball, location: 2F
2-2: Fly out, F8 (Flyball, 8RS, EV 95.6 MPH)
Batting: RHB Ben Herman 0-0: Called Strike
0-1: Foul Ball, location: 2F
0-2: Ball
1-2: Ball
2-2: Ball
3-2: Foul Ball, location: 2F
3-2: Fly out, F9 (Line Drive, 9LM, EV 95.0 MPH)
Bottom of the 6th over - 0 runs, 0 hits, 0 errors, 0 left on base; Lowell 3 - Everett 5
TOP OF THE 7TH
Lowell Spinners batting - Pitching for Everett AquaSox : RHP Josh Newell
Pitching: RHP Matt Lane
Batting: RHB Travis Campbell 0-0: Ball
1-0: Ball
2-0: Ball
3-0: Called Strike
3-1: Ground out 4-3 (Groundball, 4, EV 90.6 MPH)
Batting: RHB Bobby Schimke 0-0: Swinging Strike
0-1: Fly out, F8 (Flyball, 8LD, EV 87.5 MPH)
Batting: RHB Jose Molina 0-0: Called Strike
0-1: SINGLE (Groundball, 56D, EV 106.9 MPH)
Batting: RHB Dominique Paolozzi 0-0: Ball
1-0: Foul Ball, location: 2F
1-1: Swinging Strike
1-2: Foul Ball, location: 2F
1-2: Strikes out swinging
Top of the 7th over - 0 runs, 1 hit, 0 errors, 1 left on base; Lowell 3 - Everett 5
BOTTOM OF THE 7TH
Everett AquaSox batting - Pitching for Lowell Spinners : RHP Perry Mills
Batting: LHB Brian Butler 0-0: Swinging Strike
0-1: Ball
1-1: SINGLE (Groundball, 34D, EV 105.6 MPH)
Batting: RHB Mike Conaway 0-0: Sac Bunt to 3S - play at first, batter OUT! 3-1
Brian Butler to second
Batting: RHB Enrique Valdez 0-0: Ball
1-0: Ball
2-0: Called Strike
2-1: Called Strike
2-2: Foul Ball, location: 2F
2-2: Strikes out swinging
Pitching: RHP Cale Morris
Batting: SHB Hatsuo Miura 0-0: Ball
1-0: Swinging Strike
1-1: Called Strike
1-2: Strikes out swinging
Bottom of the 7th over - 0 runs, 1 hit, 0 errors, 1 left on base; Lowell 3 - Everett 5
TOP OF THE 8TH
Lowell Spinners batting - Pitching for Everett AquaSox : RHP Matt Lane
Batting: LHB Sergio Tinoco 0-0: Called Strike
0-1: Ball
1-1: SINGLE (Flyball, 9S, EV 88.8 MPH)
Batting: RHB Sal Rivera 0-0: Foul Ball, location: 2F
0-1: Foul Ball, location: 2F
0-2: Foul Ball, location: 2F
0-2: Ball
Passed Ball!
Sergio Tinoco to second
1-2: SINGLE (Groundball, 6MD, EV 99.4 MPH)
Sergio Tinoco to third
Batting: LHB Frank Olivo 0-0: Called Strike
0-1: Foul Ball, location: 2F
0-2: TRIPLE (Flyball, 78XD, EV 90.0 MPH)
Sergio Tinoco scores
Sal Rivera scores
Pinch Runner at 3rd Scott Hawkins:
Batting: RHB Alex Cardenas 0-0: Called Strike
0-1: Foul Ball, location: 2F
0-2: Fly out, F9 (Flyball, 9LSF, EV 93.8 MPH)
Batting: RHB Paul Long 0-0: Called Strike
0-1: Fly out, F7 (Flyball, 7D, EV 89.4 MPH)
Runner from 3rd tags up, OUT at HOME! 7-2
Top of the 8th over - 2 runs, 3 hits, 0 errors, 0 left on base; Lowell 5 - Everett 5
BOTTOM OF THE 8TH
Everett AquaSox batting - Pitching for Lowell Spinners : RHP Cale Morris
Now in LF: Scott Hawkins
Batting: SHB Charlie Diesel 0-0: Called Strike
0-1: Ball
1-1: DOUBLE (Flyball, 8RXD, EV 106.9 MPH)
Batting: RHB Ben Alspach 0-0: Ground out 5-3 (Groundball, 56, EV 105.6 MPH)
Batting: LHB Justin Long 0-0: Ball
1-0: Ball
Wild Pitch!
Charlie Diesel to third
2-0: Foul Ball, location: 2F
2-1: Called Strike
2-2: Strikes out swinging
Batting: LHB Addisu Nyamekye 0-0: Foul Ball, location: 2F
0-1: Foul Ball, location: 2F
0-2: Ball
1-2: Foul Ball, location: 2F
1-2: Ground out 4-3 (Groundball, 34, EV 86.9 MPH)
Bottom of the 8th over - 0 runs, 1 hit, 0 errors, 1 left on base; Lowell 5 - Everett 5
TOP OF THE 9TH
Lowell Spinners batting - Pitching for Everett AquaSox : RHP Matt Lane
Batting: RHB Travis Campbell 0-0: Called Strike
0-1: Ball
1-1: Swinging Strike
1-2: Ball
2-2: Foul Ball, location: 2F
2-2: Foul Ball, location: 2F
2-2: Foul Ball, location: 2F
2-2: Strikes out swinging
Pitching: LHP Mitch Lewis
Batting: RHB Bobby Schimke 0-0: Ball
1-0: Called Strike
1-1: Swinging Strike
1-2: Fly out, F8 (Flyball, 89S, EV 88.8 MPH)
Batting: RHB Jose Molina 0-0: Foul Ball, location: 2F
0-1: Fly out, F8 (Line Drive, 8RD, EV 95.6 MPH)
Top of the 9th over - 0 runs, 0 hits, 0 errors, 0 left on base; Lowell 5 - Everett 5
BOTTOM OF THE 9TH
Everett AquaSox batting - Pitching for Lowell Spinners : RHP Cale Morris
Pinch Hitting: LHB Taki Matsui 0-0: Ball
1-0: Swinging Strike
1-1: Ball
2-1: Called Strike
2-2: Ground out 1-3 (Groundball, P, EV 65.0 MPH)
Batting: LHB Brian Butler 0-0: Ball
1-0: Swinging Strike
1-1: Ball
2-1: Swinging Strike
2-2: Foul Ball, location: 2F
2-2: Ball
3-2: Strikes out swinging
Pitching: LHP Chris Woodruff
Batting: RHB Mike Conaway 0-0: Ball
1-0: Ball
2-0: Called Strike
2-1: Ball
3-1: Base on Balls
Batting: RHB Enrique Valdez 0-0: Ball
Mike Conaway steals 2nd base
1-0: Fly out, F8 (Flyball, 8LD, EV 92.5 MPH)
Bottom of the 9th over - 0 runs, 0 hits, 0 errors, 1 left on base; Lowell 5 - Everett 5
TOP OF THE 10TH
Lowell Spinners batting - Pitching for Everett AquaSox : LHP Mitch Lewis
Now in CF: Houston Brock
Batting: RHB Dominique Paolozzi 0-0: Called Strike
0-1: Foul Ball, location: 2F
0-2: Ball
1-2: Strikes out swinging
Batting: LHB Sergio Tinoco 0-0: Called Strike
0-1: Swinging Strike
0-2: Ground out 6-3 (Groundball, 6, EV 83.8 MPH)
Batting: RHB Sal Rivera 0-0: Fly out, F8 (Line Drive, 78M, EV 91.2 MPH)
Top of the 10th over - 0 runs, 0 hits, 0 errors, 0 left on base; Lowell 5 - Everett 5
BOTTOM OF THE 10TH
Everett AquaSox batting - Pitching for Lowell Spinners : LHP Chris Woodruff
Batting: SHB Hatsuo Miura 0-0: Ball
1-0: Ball
2-0: Swinging Strike
2-1: DOUBLE (Line Drive, 89D, EV 107.5 MPH)
Batting: SHB Charlie Diesel 0-0: Ball
1-0: Ball
2-0: Foul Ball, location: 2F
2-1: Foul Ball, location: 2F
2-2: Foul Ball, location: 2F
2-2: Ground out 6-3 (Groundball, 6, EV 92.5 MPH)
Batting: RHB Ben Alspach 0-0: Intentional Walk
Pinch Hitting: RHB Josh O'Neal 0-0: Called Strike
0-1: Swinging Strike
0-2: SINGLE (Line Drive, 3D, EV 98.1 MPH)
Hatsuo Miura to third
Ben Alspach to second
Batting: LHB Addisu Nyamekye 0-0: Called Strike
0-1: Called Strike
0-2: Strikes out swinging
Pinch Hitting: LHB Roy Blonski 0-0: Ball
1-0: Ball
2-0: Ball
3-0: Called Strike
3-1: Base on Balls
Hatsuo Miura scores
Ben Alspach to third
Josh O'Neal to second
Bottom of the 10th over - 1 run, 2 hits, 0 errors, 3 left on base; Lowell 5 - Everett 6
Tuesday, September 13th , 2022 - OOTP Baseball 23.7 Build 88